 Dungeon Crawl Stone Soup version 0.26-a0-54-g15ccc7ae60 (webtiles) character file.

Game seed: 3326849096046112533

476 Ozzies the Skirmisher (level 7, -2/47 HPs)
             Began as a Gargoyle Fighter on June 8, 2020.
             Slain by an ogre
             ... wielding a cursed +0 giant club
              (6 damage)
             ... on level 4 of the Dungeon.
             The game lasted 00:08:24 (4550 turns).

Ozzies the Skirmisher (Gargoyle Fighter)            Turns: 4550, Time: 00:08:25

Health: -2/47      AC: 13    Str: 22    XL:     7   Next: 10%
Magic:  7/7        EV:  7    Int:  8    God:
Gold:   197        SH:  9    Dex:  9    Spells: 6/6 levels left

rFire    . . .     SeeInvis .   l - +0 whip
rCold    . . .     Gourm    .   c - +0 kite shield
rNeg     + . .     Faith    .   y - +0 scale mail
rPois    ∞         Spirit   .   (no helmet)
rElec    +         Reflect  .   (no cloak)
rCorr    .         Harm     .   k - +0 pair of gloves
MR       .....                  (no boots)
Stlth    ..........             (no amulet)
HPRegen  0.15/turn              (no ring)
MPRegen  0.10/turn              (no ring)

@: no status effects
A: negative energy resistance 1, electricity resistance, unbreathing,
petrification resistance, rot immunity, AC +4
a: no special abilities


You were on level 4 of the Dungeon.
You were not hungry.

You visited 1 branch of the dungeon, and saw 4 of its levels.

You collected 197 gold pieces.

Inventory:

Hand Weapons
 a - a +0 flail
 l - a +0 whip (weapon)
 n - a +0 morningstar
Armour
 b - a +0 scale mail
 c - a +0 kite shield (worn)
 k - a +0 pair of gloves (worn)
 y - a +0 scale mail (worn)
Scrolls
 h - 4 scrolls of remove curse
 i - 2 scrolls of identify {unknown}
 o - a scroll of enchant armour {unknown}
 q - 3 scrolls of teleportation {unknown}
 t - 2 scrolls of amnesia {unknown}
 w - a scroll of enchant weapon {unknown}
 x - a scroll of immolation {unknown}
Potions
 d - a potion of might
 e - 3 potions of lignification {unknown}
 g - a potion of cancellation {unknown}
 j - a potion of flight {unknown}
 m - 3 potions of degeneration {unknown}
 p - a potion of heal wounds {unknown}
 r - a potion of stabbing {unknown}
 s - 2 potions of brilliance {unknown}
 u - a potion of curing {unknown}
 v - a potion of haste {unknown}
 z - a potion of mutation {unknown}
Comestibles
 f - 9 rations


   Skills:
 * Level 6.9 Fighting
 - Level 4.0 Maces & Flails
 - Level 4.0 Armour
 - Level 4.0 Shields


You had 6 spell levels left.
You didn't know any spells.
Your spell library was empty.

Dungeon Overview and Level Annotations

Branches:
Dungeon (4/15)
 Temple: D:4-7

Altars:
Cheibriados
Dithmenos
Elyvilon
Qazlal
Ru
Sif Muna

Annotations:
D:4 2 transporters, xight's ghost, novice DEFE


Innate Abilities, Weirdness & Mutations

You are resistant to torment.
Your stone body is resilient. (AC +4)
You are immune to poison.
You resist negative energy. (rN+)
You are resistant to electric shocks. (rElec)
You can survive without breathing.
You are immune to petrification.
You are immune to rotting.


Message History

You hit the ogre.
The ogre is heavily wounded.
The ogre barely misses you.
You hit the ogre.
The ogre is heavily wounded.
The ogre hits you with a cursed +0 giant club!
* * * LOW HITPOINT WARNING * * *
You barely miss the ogre.
The ogre is heavily wounded.
You block the ogre's attack.
Your shield and scale mail prevent you from hitting the ogre.
The ogre is heavily wounded.
You hit the ogre.
The ogre is severely wounded.
The ogre hits you with a cursed +0 giant club!
* * * LOW HITPOINT WARNING * * *
You barely miss the ogre.
The ogre is severely wounded.
The ogre hits you with a cursed +0 giant club.
You die...

..............## #.
#..................
....
...................
....#
..................
..#.##...##........_...
#..?<... ##..#........
#......# #.##........
#...O..## #.##....⌠.._
#@..###.#.........
#....#......_.....
####...#..........
##.#...#..........
#.................
.......##...........
#...##..#..#<..#...#
##.. ...##.##.##.... #.
##.. #######....


You could see an ogre.

Vanquished Creatures
  An ogre (D:4)
  2 scorpions
  A hound (D:4)
  A bullfrog skeleton (D:4)
  An iguana (D:4)
  A worker ant (D:4)
  8 adders
  A river rat (D:4)
  2 oozes
  3 worms
  A dart slug (D:2)
  2 leopard geckos
  4 orcs (D:3)
  7 bats
  4 giant cockroaches
  5 goblins
  14 hobgoblins
  2 quokkas (D:2)
  6 ball pythons
  9 frilled lizards
  5 kobolds
  5 rats
85 creatures vanquished.

Vanquished Creatures (others)
  An orc wizard (D:3)
1 creature vanquished.

Grand Total: 86 creatures vanquished

Notes
Turn   | Place    | Note
-------+----------+-------------------------------------------
     0 | D:1      | Ozzies the Gargoyle Fighter began the quest for the Orb.
     0 | D:1      | Reached XP level 1. HP: 14/14 MP: 1/1
   158 | D:1      | Reached XP level 2. HP: 19/19 MP: 2/2
   739 | D:1      | Reached XP level 3. HP: 23/23 MP: 3/3
  1011 | D:2      | Found a sacrificial altar of Ru.
  1168 | D:2      | Reached skill level 4 in Fighting
  1436 | D:2      | Reached XP level 4. HP: 29/29 MP: 4/4
  1490 | D:2      | Reached XP level 5. HP: 25/34 MP: 5/5
  2403 | D:3      | Reached skill level 5 in Fighting
  3083 | D:4      | Found a stormy altar of Qazlal.
  3083 | D:4      | Found a shimmering blue altar of Sif Muna.
  3090 | D:4      | Found a white marble altar of Elyvilon.
  3101 | D:4      | Found a transporter.
  3110 | D:4      | Noticed an ogre
  3111 | D:4      | Noticed xight's ghost (novice DEFE)
  3127 | D:4      | Killed an ogre
  3127 | D:4      | Reached XP level 6. HP: 21/41 MP: 6/6
  3143 | D:4      | Found a snail-covered altar of Cheibriados.
  3143 | D:4      | Found a transporter.
  3153 | D:4      | Reached skill level 6 in Fighting
  3576 | D:4      | Found a shadowy altar of Dithmenos.
  3748 | D:4      | Reached XP level 7. HP: 12/47 MP: 7/7
  4550 | D:4      | Slain by an ogre

Illustrated notes

Levels and vault maps discovered:
D:1:      mainiacjoe_arrival_reflecting_pool, layout_basic
D:2:      minmay_general_purpose_star, layout_loops_ring, lemuel_round_altar
D:3:      layout_loops_corners, first_ration, st_stairs_6
D:4:      layout_cave_pools, cheibriados_altar_1,
          nicolae_dithmenos_shadow_blocks, grunt_temple_overflow_open,
          cheibrodos_sewer_entry_sluice, gammafunk_ghost_arena,
          grunt_decor_arrowhead

Skill      XL: |  1  2  3  4  5  6 |
---------------+-------------------+-----
Armour         | 4 |  4.0
Fighting       | 4 5 6 |  6.9
Shields        | 4 |  4.0
Maces & Flails | 3 4 |  4.0

Action                   |  1- 3 |  4- 6 |  7- 9 || total
-------------------------+-------+-------+-------++-------
Melee: Flail             |    65 |       |       ||    65
       Whip              |    91 |   300 |    57 ||   448
  Use: Potion            |       |     3 |       ||     3
       Scroll            |       |       |     1 ||     1
  Eat: Chunk             |     2 |     5 |     2 ||     9
       Ration            |       |     1 |       ||     1
Armor: Scale mail        |    68 |   164 |    13 ||   245
Dodge: Dodged            |    56 |    93 |     9 ||   158
Block: Kite shield       |    75 |   171 |    23 ||   269

Table legend:
 A = Non-vault XP
 B = Vault XP
 C = Vault XP percentage of total XP
 D = Non-vault monster count
 E = Vault monster count
 F = Vault count percentage of total count
                 A         B        C        D         E       F
            +---------+---------+-------+---------+---------+-------
      Total |     632 |      48 |   7.1 |      77 |       9 |  10.5
            +---------+---------+-------+---------+---------+-------
        D:1 |      35 |       0 |   0.0 |      19 |       0 |   0.0
        D:2 |     114 |      19 |  14.3 |      21 |       4 |  16.0
        D:3 |     112 |      14 |  11.1 |      24 |       2 |   7.7
        D:4 |     371 |      15 |   3.9 |      13 |       3 |  18.8
            +---------+---------+-------+---------+---------+-------
